 Dungeon Crawl Stone Soup version 0.21-a0-509-gecc5317 (webtiles) character file.

2 mortelune the Digger (level 1, 0/10 HPs)
             Began as a Gargoyle Earth Elementalist on Nov 29, 2017.
             Slain by a kobold
             ... wielding a +0 short sword
              (3 damage)
             ... on level 1 of the Dungeon.
             The game lasted 00:00:54 (62 turns).

mortelune the Digger (Gargoyle Earth Elementalist)    Turns: 62, Time: 00:00:54

Health: 0/10       AC:  4    Str: 11    XL:     1   Next: 30%
Magic:  0/3        EV: 12    Int: 15    God:
Gold:   0          SH:  0    Dex: 10    Spells: 3/4 levels left

rFire    . . .     SeeInvis .   a - +0 mace
rCold    . . .     Gourm    .   (no shield)
rNeg     + . .     Faith    .   c - +0 robe
rPois    ∞         Spirit   .   (no helmet)
rElec    +         Reflect  .   (no cloak)
rCorr    .         Harm     .   (no gloves)
MR       .....                  (no boots)
Stlth    ++........             (no amulet)
HPRegen  0.03/turn              (no ring)
MPRegen  0.08/turn              (no ring)

@: no status effects
A: negative energy resistance 1, electricity resistance, unbreathing,
petrification resistance, rot immunity, AC +2
a: no special abilities


You were on level 1 of the Dungeon.
You were not hungry.

You visited 1 branch of the dungeon, and saw 1 of its levels.

Inventory:

Hand Weapons
 a - a +0 mace (weapon)
Missiles
 b - 27 stones (quivered)
Armour
 c - a +0 robe (worn)
Books
 e - a book of Geomancy

   Spells                             Type                      Level
   a - Sandblast                      Earth                        1
   b - Passwall                       Transmutation/Earth          2
   c - Stone Arrow                    Conjuration/Earth            3
   d - Petrify                        Transmutation/Earth          4
   e - Lee's Rapid Deconstruction     Earth                        5
Comestibles
 d - a bread ration


   Skills:
 + Level 0.2 Fighting
 - Level 1.5 Dodging
 - Level 2.1 Stealth
 + Level 2.0 Spellcasting
   Level 0.7 Transmutations
 + Level 3.7 Earth Magic


You had 3 spell levels left.
You knew the following spells:

 Your Spells              Type           Power        Failure   Level  Hunger
a - Sandblast             Erth           ##....       4%          1    #......


Dungeon Overview and Level Annotations

Branches:
Dungeon (1/15)

Altars:


Innate Abilities, Weirdness & Mutations

You are resistant to torment.
Your stone body is resilient. (AC +2)
You are immune to poison.
You resist negative energy. (rN+)
You are resistant to electric shocks. (rElec)
You can survive without breathing.
You are immune to petrification.
You are immune to rotting.


Message History

b - 28 stones The bat misses you.
The bat hits you but does no damage. The kobold completely misses you.
The bat hits you.
Casting: Sandblast
Confirm with . or Enter, or press ? or * to list all spells.
Aiming: Sandblast
Press: ? - help, Shift-Dir - straight line, f/p - bat
Aim: a bat The blast of sand hits the bat.
You kill the bat!
b - 27 stones
Casting: Sandblast
Confirm with . or Enter, or press ? or * to list all spells.
You don't have enough magic to cast that spell.
You hit the kobold but do no damage. The kobold hits you but does no damage.
You hit the kobold but do no damage.
The kobold hits you with a short sword. x2
* * * LOW HITPOINT WARNING * * *
You barely miss the kobold. The kobold hits you with a short sword.
You die...

##########.....#
.........##....#.
##+#####.......#.#
.......#.##.#..#..
.......#.##.#..##.
⌠...⌠..#.##.#..#..## ###
.......#.##.#... ..#...#
(.<....+.##.######.#...###
.......#.##?....@KK.......
⌠...⌠..#.#########(#.#####
.......# #...KK..# #
.......# #.......#
##+##### #.#.#.#.#
#.......# #.#.#.#.#
......... #.#.#.#..


You could see 2 kobolds.

Vanquished Creatures
  2 bats (D:1)
2 creatures vanquished.

Notes
Turn   | Place    | Note
-------+----------+-------------------------------------------
     0 | D:1      | mortelune the Gargoyle Earth Elementalist began the quest for the Orb.
     0 | D:1      | Reached XP level 1. HP: 10/10 MP: 3/3
    62 | D:1      | Slain by a kobold

Vault maps used:
D:1:      mushboom_english_gardens, serial_co_window_serial, co_window_paths_a,
          co_window_corner_a, co_window_corner_a, co_window_paths_a,
          co_window_corner_a, co_window_corner_b, co_window_cross_2,
          co_window_2corner, co_window_2corner, co_window_4corner_a,
          co_window_paths_d, glass_columns_a, glass_columns_c, glass_columns_b

Action                   || total
-------------------------++-------
Melee: Mace              ||    11
 Cast: Sandblast         ||     3
Armor: Robe              ||    10
Dodge: Dodged            ||    18

Table legend:
 A = Spawn XP
 B = Non-spawn XP
 C = Spawn XP percentage of total XP
 D = Spawn monster count
 E = Non-spawn monster count
 F = Spawn count percentage of total count
 G = Total turns spent on level
                    A         B        C        D         E        F      G
               +---------+---------+-------+---------+---------+-------+---------
         Total |       0 |       3 |   0.0 |       0 |       2 |   0.0 |    62
               +---------+---------+-------+---------+---------+-------+---------
           D:1 |       0 |       3 |   0.0 |       0 |       2 |   0.0 |    62
               +---------+---------+-------+---------+---------+-------+---------
